 Dungeon Crawl Stone Soup version 0.29-a0-369-gd956c00756 (webtiles) character file.

Game seed: 15006328635972367963

67 Antichthon the Covered (level 4, -6/29 HPs)
             Began as a Gargoyle Fighter on May 2, 2022.
             Mangled by Sigmund
             ... wielding a +6 vampiric scythe
              (10 damage)
             ... on level 2 of the Dungeon.
             The game lasted 00:03:05 (1596 turns).

Antichthon the Covered (Gargoyle Fighter)           Turns: 1596, Time: 00:03:06

Health: -6/29      AC: 10    Str: 17 (19) XL:     4   Next: 16%
Magic:  4/4        EV:  9    Int:  8 (11) God:
Gold:   849        SH:  4    Dex:  8 (9)  Spells: 3/3 levels left

rFire   . . .      SeeInvis .   a - +0 flail
rCold   + . .      Faith    .   c - +0 buckler
rNeg    + . .      Spirit   .   b - +0 scale mail
rPois   ∞          Reflect  .   (no helmet)
rElec   +          Harm     .   (no cloak)
rCorr   .          Rampage  .   (no gloves)
Will    .....                   (no boots)
Stlth   ..........              (no amulet)
HPRegen 0.09/turn               g - ring of protection from cold
MPRegen 0.09/turn               (no ring)

@: mighty, hasted, very quick
A: sickness immunity, AC +3, negative energy resistance 1, electricity
resistance, torment resistance 1, petrification resistance
a: no special abilities


You were on level 2 of the Dungeon.
You visited 1 branch of the dungeon, and saw 2 of its levels.

You collected 959 gold pieces.
You spent 110 gold pieces at shops.

Inventory:

Hand Weapons
 a - a +0 flail (weapon)
Armour
 b - a +0 scale mail (worn)
 c - a +0 buckler (worn)
Jewellery
 g - a ring of protection from cold (left hand)
Scrolls
 f - a scroll of fog
 h - a scroll of enchant weapon {unknown}
 i - a scroll of fear
 l - a scroll of amnesia
Potions
 j - a potion of brilliance


   Skills:
 * Level 3.6 Fighting
 * Level 2.6 Maces & Flails
 * Level 3.7 Armour
 * Level 1.0 Dodging
 * Level 3.6 Shields
 * Level 1.2 Invocations


You had 3 spell levels left.
You didn't know any spells.
Your spell library contained the following spells:

 Spells                   Type           Power      Damage    Failure   Level
 Slow                     Hex            0%         N/A       88%         1
 Confusing Touch          Hex            0%         N/A       99%         3
 Vampiric Draining        Necr           0%         2d6       99%         3


Dungeon Overview and Level Annotations

Branches:
Dungeon (2/15)

Altars:

Shops:
D:1 *

Annotations:
D:2 Sigmund


Innate Abilities, Weirdness & Mutations

You are immune to sickness and miasma.
Your stone body is resilient. (AC +3)
You are immune to poison.
You resist negative energy. (rN+)
You are resistant to electric shocks. (rElec)
You are resistant to unholy torment.
You are immune to petrification.


Message History

You bump into the rock wall.
Something hits you but does no damage.
You bump into the rock wall.
Something hits you.
* * * LOW HITPOINT WARNING * * *
Unknown command.
You feel yourself speed up.
You miss something.
Sigmund appears from thin air!
Reactivating autopickup.
Sigmund hits you with a +6 vampiric scythe.
* * * LOW HITPOINT WARNING * * *
You sock Sigmund!
Sigmund is moderately wounded.
You feel less confused.
You barely miss Sigmund.
Sigmund is moderately wounded.
Sigmund hits you but does no damage.
You barely miss Sigmund.
Sigmund is moderately wounded.
Sigmund barely misses you.
You closely miss Sigmund.
Sigmund is moderately wounded.
Unknown command.
You feel very mighty all of a sudden. Sigmund hits you but does no damage.
Unknown command.
It was a potion of degeneration.
There was something very wrong with that liquid.
You feel weakened.
You feel dopey.
You feel clumsy.
Unknown command.
You closely miss Sigmund.
Sigmund is moderately wounded.
Sigmund barely misses you.
You barely miss Sigmund.
Sigmund is moderately wounded.
Sigmund hits you but does no damage.
You sock Sigmund!
Sigmund is severely wounded.
You thump Sigmund!
Sigmund is almost dead.
Sigmund hits you with a +6 vampiric scythe!
You die...

#.....######.#
####............# #......#
#.##.....######## #....?.#
#.##.......# #......#
#.####.....# #...)..# #.#
#.....######### #......###.#
#..............
+/.......#.####.....#####....
#.#.....##...@@.'.....+........
#........>...####.....####.....
####........## #.....# #.....
.........##### #.....# #.....
#####....# #.....# #.....
#......# #.....# #.....
......... #.....# #.....
.........## #.#.### #.....
.........# ....# ######..#


You could see Sigmund.

Vanquished Creatures
  A gnoll (D:1)
  2 worms (D:2)
  An endoplasm (D:2)
  3 giant cockroaches
  5 hobgoblins
  4 jackals (D:2)
  2 quokkas
  11 ball pythons
  6 bats
  A frilled lizard (D:2)
  3 goblins
  6 kobolds
  2 rats
47 creatures vanquished.

Notes
Turn   | Place    | Note
-------+----------+-------------------------------------------
     0 | D:1      | Antichthon the Gargoyle Fighter began the quest for the
                  | Orb.
     0 | D:1      | Reached XP level 1. HP: 14/14 MP: 1/1
   125 | D:1      | Reached XP level 2. HP: 19/19 MP: 2/2
   383 | D:1      | Reached XP level 3. HP: 23/23 MP: 3/3
   395 | D:1      | Identified a scroll of acquirement
   395 | D:1      | Acquired 890 gold pieces
   442 | D:1      | Found a faded altar of an unknown god.
   526 | D:1      | Found Qiujaef's General Store.
   535 | D:1      | Bought a scroll of identify for 26 gold pieces
   535 | D:1      | Bought a scroll of identify for 26 gold pieces
   535 | D:1      | Bought a scroll of fear for 45 gold pieces
   535 | D:1      | Bought a scroll of noise for 13 gold pieces
   955 | D:2      | Reached skill level 1 in Invocations
  1361 | D:2      | Reached XP level 4. HP: 29/29 MP: 4/4
  1407 | D:2      | Reached skill level 1 in Dodging
  1555 | D:2      | Noticed Sigmund
  1596 | D:2      | Mangled by Sigmund

Illustrated notes

Levels and vault maps discovered:
D:1:      scummos_arrival_checkerplants, layout_rooms,
          shapermc_ecumenical_altar_notcrosses, serial_shops, shop_fountains
D:2:      layout_basic, grunt_ministairs_3, mrwooster_statue_mirror,
          uniq_sigmund

Skill      XL: |  1  2  3  4 |
---------------+-------------+-----
Invocations    | 1 |  1.2
Dodging        | 1 |  1.0
Fighting       | |  3.6
Maces & Flails | |  2.6
Armour         | |  3.7
Shields        | |  3.6

Action                   |  1- 3 |  4- 6 || total
-------------------------+-------+-------++-------
Melee: Flail             |   112 |    32 ||   144
  Use: Scroll            |     5 |       ||     5
       Potion            |       |     3 ||     3
Armor: Scale mail        |    96 |    30 ||   126
Dodge: Dodged            |   100 |    36 ||   136
Block: Buckler           |    36 |     9 ||    45

Table legend: (Time is in decaauts)
 A = Elapsed time spent in this place.
 B = Non-inter-level travel time spent in this place.
 C = Inter-level travel time spent in this place.
 D = Time resting spent in this place.
 E = Time spent auto-exploring this place.
 F = Levels seen in this place.
 G = Mean time per level.
                   A        B        C        D        E       F      G
               +--------+--------+--------+--------+--------+-----+--------+
         Total |   1637 |   1634 |      3 |      0 |   1205 |   2 |  818.5 |
       Dungeon |   1637 |   1634 |      3 |      0 |   1205 |   2 |  818.5 |
               +--------+--------+--------+--------+--------+-----+--------+

Top non-repeatable levels by time:
     D:2: 983 daAuts
     D:1: 653 daAuts
